 Dungeon Crawl Stone Soup version 0.31.0-11-ge490571c62 (webtiles) character file.

Game seed: 3857991829748592558

1556 Taul the Cleaver (level 8, -5/70 HPs)
             Began as a Minotaur Fighter on Jan 31, 2024.
             Was a Follower of Qazlal.
             Slain by a gnoll
             ... wielding a +0 flail
              (6 damage)
             ... on level 6 of the Dungeon.
             The game lasted 00:08:44 (5529 turns).

Taul the Cleaver (Minotaur Fighter)                 Turns: 5529, Time: 00:08:45

Health: -5/70      AC: 11    Str: 22    XL:     8   Next: 58%
Magic:  7/7        EV: 10    Int:  5    God:    Qazlal [*.....]
Gold:   222        SH:  1    Dex: 11    Spells: 7/7 levels left

rFire   . . .        a - +0 war axe
rCold   . . .        t - orb {mayhem}
rNeg    . . .        b - +0 scale mail
rPois   .            u - +1 hat
rElec   .            m - +0 cloak
rCorr   .            p - +0 pair of gloves
SInv    .            (no boots)
Will    .....        (no amulet) Stlth
                     e - ring of wizardry
HPRegen 0.31/turn    (no ring)
MPRegen 0.10/turn

%: mayhem, wizardry (x1)
@: no status effects
A: horns 2, retaliatory headbutt
a: Renounce Religion


You were on level 6 of the Dungeon.
You worshipped Qazlal.
Qazlal was aware of your devotion.
You visited 1 branch of the dungeon, and saw 6 of its levels.

You collected 222 gold pieces.

Inventory:

Hand Weapons
 a - a +0 war axe (weapon)
Armour
 b - a +0 scale mail (worn)
 c - a +0 buckler
 m - a +0 cloak (worn)
 p - a +0 pair of gloves (worn)
 t - an orb of mayhem (worn)
 u - a +1 hat (worn)
Jewellery
 e - a ring of wizardry (left hand)
 v - a ring of magical power
Wands
 n - a wand of charming (14)
 q - a wand of flame (32) (quivered)
 r - a wand of iceblast (6)
Scrolls
 g - a scroll of immolation
 k - 2 scrolls of poison
 l - 3 scrolls of fear
Potions
 d - 2 potions of might
 f - 2 potions of berserk rage
 h - a potion of heal wounds
 i - a potion of curing
 j - 2 potions of brilliance {unknown}
 o - a potion of lignification {unknown}
 s - a potion of enlightenment {unknown}


   Skills:
 + Level 6.1 Fighting
 + Level 9.1 Axes
 + Level 7.5 Armour
 + Level 2.3 Dodging
 + Level 1.4 Stealth
 + Level 4.5 Shields


You had 7 spell levels left.
You didn't know any spells.
Your spell library was empty.

Dungeon Overview and Level Annotations

Branches:
Dungeon (6/15)
 Temple: D:4-7

Altars:
Qazlal

Shops:
D:2 (   D:4 :


Innate Abilities, Weirdness & Mutations

You have a pair of horns on your head.
You reflexively headbutt those who attack you in melee.


Message History

The ice beast is heavily wounded.
The ice beast hits you but does no damage.
You slash the ice beast!
You headbutt the ice beast, but do no damage.
The ice beast is almost dead.
A gnoll comes into view. It is wielding a +0 spear.
A gnoll comes into view. It is wielding a +0 flail.
The ice beast hits you but does no damage.
You barely miss the ice beast.
The ice beast is almost dead.
The gnoll shouts! x2
You hit the orc. The orc warrior closely misses you.
The orc closely misses you. You furiously retaliate!
You headbutt the orc.
The ice beast hits you but does no damage.
You hit the ice beast.
You kill the ice beast!
Qazlal accepts your kill.
You hit the orc but do no damage.
The orc warrior hits you from afar with a +0 halberd!
The orc barely misses you.
The orc warrior hits you from afar with a +0 halberd.
* * * LOW HITPOINT WARNING * * *
The orc hits you but does no damage.
A gnoll comes into view. It is wielding a +0 flail.
The orc warrior hits you from afar with a +0 halberd!
* * * LOW HITPOINT WARNING * * *
The orc attacks as it pursues you! The orc closely misses you.
The orc warrior hits you with a +0 halberd!
* * * LOW HITPOINT WARNING * * *
The orc closely misses you. You furiously retaliate!
You headbutt the orc!
You kill the orc!
Qazlal accepts your kill.
The gnoll flies into a frenzy!
The orc hits you but does no damage. The gnoll misses you.
There is an escape hatch in the ceiling here.
The orc warrior barely misses you. You furiously retaliate!
You headbutt the orc warrior, but do no damage.
The orc hits you but does no damage. The gnoll barely misses you.
The gnoll hits you with a +0 flail.
You die...

. ..?..##.............#
#.......#......##.....#
#...#..........##.....#
#...##.##...............
#................#.####.
#..............#.#.#.##.
#......................
......g.)..........#..#
......o@..##....##.#
...#..g.o.##....>....
.....g..........#......
...#............##.....
....##...##.##.## ... .
.... #...#..#... .. ...
....# .. .# ...... ..


You could see an orc warrior, 2 gnolls, an orc and a neutral gnoll (fast,
strong, frenzied, distracted).

Vanquished Creatures
  Grinder (D:3)
  A black bear (D:4)
  3 ice beasts
  2 ogres
  Blork the orc (D:6)
  4 scorpions
  A bombardier beetle (D:3)
  A hound (D:4)
  2 jellies
  An iguana (D:6)
  2 sleepcaps
  Natasha (thrice) (D:3)
  An orc wizard (D:5)
  5 adders
  2 ufetubi (D:6)
  3 ribbon worms
  3 dart slugs
  9 orcs
  6 bats
  10 endoplasms
  6 giant cockroaches
  11 goblins
  6 hobgoblins
  4 jackals (D:1)
  2 kobolds
  5 quokkas
  7 ball pythons
  4 frilled lizards
106 creatures vanquished.

Vanquished Creatures (collateral kills)
  2 iguanas
2 creatures vanquished.

Grand Total: 108 creatures vanquished

Notes
Turn   | Place    | Note
-------+----------+-------------------------------------------
     0 | D:1      | Taul the Minotaur Fighter began the quest for the Orb.
     0 | D:1      | Reached XP level 1. HP: 19/19 MP: 0/0
   127 | D:1      | Reached XP level 2. HP: 27/27 MP: 1/1
   336 | D:1      | You fall into a shaft and drop 1 floor!
   351 | D:2      | Found Ocaozare's Antique Weapon Shoppe.
   478 | D:1      | Reached XP level 3. HP: 33/33 MP: 2/2
   836 | D:2      | Reached skill level 3 in Axes
  1255 | D:2      | Found a faded altar of an unknown god.
  1374 | D:3      | Reached XP level 4. HP: 39/40 MP: 3/3
  1395 | D:3      | Noticed Natasha
  1404 | D:3      | Killed Natasha
  1405 | D:3      | Reached skill level 4 in Axes
  1461 | D:3      | Found a stormy altar of Qazlal.
  1464 | D:3      | Noticed Natasha
  1475 | D:3      | Killed Natasha
  1476 | D:3      | Reached XP level 5. HP: 32/46 MP: 4/4
  1515 | D:3      | Noticed Grinder
  1519 | D:3      | Paralysed by Grinder for 5 turns
  1532 | D:3      | Paralysed by Grinder for 3 turns
  1535 | D:3      | Killed Grinder
  1536 | D:3      | Reached skill level 6 in Axes
  1536 | D:3      | Reached skill level 5 in Armour
  1536 | D:3      | Reached skill level 1 in Dodging
  1536 | D:3      | Reached XP level 6. HP: 7/53 MP: 5/5
  1667 | D:3      | Noticed Natasha
  1682 | D:3      | Killed Natasha
  2101 | D:3      | Became a worshipper of Qazlal Stormbringer
  2379 | D:4      | Found Peacw's Book Shoppe.
  2863 | D:4      | Reached skill level 5 in Fighting
  2863 | D:4      | Reached XP level 7. HP: 61/61 MP: 6/6
  3274 | D:4      | Reached skill level 7 in Axes
  3952 | D:5      | Entered Level 5 of the Dungeon
  3960 | D:5      | Reached skill level 1 in Stealth
  4221 | D:5      | Reached skill level 8 in Axes
  4221 | D:5      | Reached XP level 8. HP: 68/69 MP: 7/7
  4358 | D:5      | Reached * piety under Qazlal
  4432 | D:6      | Noticed Blork the orc
  4439 | D:6      | Killed Blork the orc
  5509 | D:6      | Reached skill level 9 in Axes
  5528 | D:6      | HP: 1/70 [orc warrior/+0 halberd (7)]
  5529 | D:6      | Slain by a gnoll

Illustrated notes

Levels and vault maps discovered:
D:1:      dpeg_arrival_renting, layout_basic
D:2:      minmay_wonky_spiral, layout_rooms, nicolae_ecumenical_lake_church,
          serial_shops, nicolae_shop_stone, grunt_decor_resistance
D:3:      layout_basic, mainiacjoe_overflow_cross_hatched, minivault_5,
          uniq_natasha, uniq_grinder
D:4:      layout_layer_cave, serial_shops, shop
D:5:      layout_rooms
D:6:      layout_cave_pools, mainiacjoe_overflow_swirl,
          mainiacjoe_overflow_catwalk, minmay_temple_entry_drinking_statues,
          serial_shops, shop, grunt_ministairs_14, uniq_blork_the_orc

Skill      XL: |  1  2  3  4  5  6  7  8 |
---------------+-------------------------+-----
Shields        | 4 |  4.5
Armour         | 4 5 6 7 |  7.5
Axes           | 3 4 6 8 9 |  9.1
Fighting       | 4 5 6 |  6.1
Dodging        | 1 2 |  2.3
Stealth        | 1 |  1.4

Action                     |  1- 3 |  4- 6 |  7- 9 || total
---------------------------+-------+-------+-------++-------
  Melee: War axe           |    80 |    52 |    94 ||   226
         Headbutt          |     8 |    13 |    20 ||    41
    Use: Scroll            |     4 |     2 |     2 ||     8
         Potion            |       |       |     2 ||     2
 Armour: Scale mail        |    52 |    50 |    86 ||   188
  Dodge: Dodged            |    35 |    31 |    68 ||   134
  Block: Buckler           |    16 |     8 |     8 ||    32
